AoeStats
← Cankut1426

Arena

504570879Analyzed
2v2 RM · 2mo ago on Sep 5, 2026· 50m 36s· 4 players
Game mode
Random Map
Map size
Medium (4 player)
Population
200
Speed
Normal
Resources
Standard
Victory
Conquest
Starting age
Dark Age
Ending age
Imperial Age
RankedLock teamsTeams togetherTeam positionsShared explorationLock speedFull tech treeHidden civsTurbo modeCheats
Victory
Defeat
🇹🇷 Romans · Türkiye
966
+16
🇹🇷 Khmer · Türkiye
966
+16
vs
🇨🇿 Aztecs · Czechia
981
-16
🇷🇺 Poles · Russia
972
-16
myyilmaz4584
11:46 Feudal Age
15:54 Castle Age
13:39 Horse Collar
14:20 Double-Bit Axe
16:17 Scale Mail Armor
16:29 Forging
16:23 Man-at-Arms
17:04 Squires
19:16 Chain Mail Armor
25:23 Iron Casting
24:38 Fletching
25:49 Long Swordsman
27:07 Bodkin Arrow
27:25 Bow Saw
29:32 Heavy Plow
37:14 Wheelbarrow
36:26 Loom
36:26 Town Watch
36:32 Loom
36:34 Town Watch
36:45 Stone Mining
36:49 Gold Mining
38:13 Hand Cart
39:34 Gold Shaft Mining
41:45 Imperial Age
39:16 Town Patrol
40:38 Ballistics
40:28 Fortified Wall
40:14 Murder Holes
40:29 Masonry
42:50 Comitatenses
42:50 Conscription
42:01 Sappers
41:54 Legionary
43:06 Crop Rotation
43:39 Blast Furnace
43:43 Chemistry
42:53 Legionary
50:00 Spies/Treason
Cankut1426
11:35 Feudal Age
15:36 Castle Age
16:10 Double-Bit Axe
16:06 Horse Collar
21:46 Bow Saw
26:51 Imperial Age
24:49 Heavy Plow
27:53 Husbandry
28:03 Bloodlines
29:35 Crop Rotation
29:47 Loom
31:48 Gold Mining
31:52 Stone Mining
32:10 Double Crossbow
32:31 Elite Ballista Elephant
33:34 Conscription
33:28 Scale Barding Armor
34:49 Chain Barding Armor
35:43 Chemistry
35:58 Ballistics
36:40 Plate Barding Armor
37:37 Masonry
38:51 Siege Engineers
39:18 Architecture
38:44 Murder Holes
39:02 Fortified Wall
[BPG] Dragan
11:54 Feudal Age
13:57 Double-Bit Axe
16:36 Castle Age
15:11 Horse Collar
17:40 Bow Saw
17:32 Heavy Plow
19:20 Loom
22:31 Wheelbarrow
23:25 Town Watch
24:27 Hand Cart
BetterBrother
14:59 Feudal Age
19:00 Castle Age
17:03 Double-Bit Axe
17:08 Horse Collar
17:43 Gold Mining
18:17 Stone Mining
21:47 Wheelbarrow
22:08 Loom
23:21 Fletching
24:13 Bodkin Arrow
24:47 Hand Cart
24:18 Town Watch
28:19 Scale Mail Armor
28:31 Forging
29:11 Stone Shaft Mining
29:03 Ballistics
28:39 Murder Holes
37:58 Imperial Age
37:14 Bow Saw
38:18 Iron Casting
37:59 Chain Mail Armor
38:34 Gold Shaft Mining
38:50 Siege Engineers
39:46 Chemistry
38:54 Onager
39:42 Elite Skirmisher
40:45 Conscription
40:46 Garland Wars
41:31 Blast Furnace
40:31 Bracer
41:46 Plate Mail Armor
41:18 Padded Archer Armor
41:40 Heavy Plow
42:06 Fortified Wall
42:57 Chemistry
42:18 Squires
42:04 Arson
45:26 Elite Jaguar Warrior
47:11 Leather Archer Armor
Connection lost

Rejoining the realm…

Still unreachable

The connection could not be restored.

Session expired

The server has moved on; the page needs a fresh start.